 Dungeon Crawl Stone Soup version bcrawl-1.37.2 (webtiles) character file.

Game seed: 11176579038830469716

520095 zoran the Protected (level 15, -17/183 HPs)
             Began as a Formicid Fighter on Jan 5, 2023.
             Was a High Priest of Okawaru.
             Demolished by a harpy simulacrum (19 damage)
             ... in a Gauntlet.
             The game lasted 00:40:44 (17628 turns).

zoran the Protected (Formicid Fighter)             Turns: 17628, Time: 00:40:44

Health: -17/183    AC: 27    Str: 27    XL:     15   Next: 29%
Magic:  22/22      EV:  1    Int: 11    God:    Okawaru [*****.]
Gold:   2202       SH:  6    Dex: 10    Spells: 14/14 levels left

rFire    . . .     GDR:     46% O - +10 broad axe "Xituyqun" {freeze, rPois MR- Int+3 SInv}
rCold    . . .     SeeInvis +   l - +2 buckler
rNeg     + + +     Gourm    .   (armour currently unavailable)
rPois    +         Faith    .   (helmet unavailable)
rElec    .         Spirit   .   (cloak currently unavailable)
rCorr    .         Reflect  .   (gloves currently unavailable)
MR       ++...                  (boots currently unavailable)
Stlth    +++.......             T - amulet of magic regeneration
HPRegen  0.40/turn              y - ring of protection from magic
MPRegen  0.50/turn              H - ring of protection from magic

@: tree-form
A: giant, permanent stasis, dig shafts and tunnels, four strong arms
a: Heroism, Finesse, Renounce Religion


You were in a Gauntlet.
You worshipped Okawaru.
Okawaru was extremely pleased with you.
You were not hungry.
You were a tree.
You visited 3 branches of the dungeon, and saw 18 of its levels.
You also visited: Gauntlet.

You collected 2202 gold pieces.

Inventory:

Hand Weapons
 O - the +10 broad axe "Xituyqun" (weapon) {freeze, rPois MR- Int+3 SInv}
   (Okawaru gifted it to you on level 4 of the Lair of Beasts)

   It has been specially enchanted to freeze those struck by it, increasing
   damage dealt by approximately one third against foes not resistant or
   susceptible to cold, and potentially slowing cold-blooded foes.
   It affects your intelligence (+3).
   It protects you from poison.
   It affects your resistance to hostile enchantments.
   It lets you see invisible.
Missiles
 d - 59 javelins of penetration {=f}
 g - 253 poisoned tomahawks
 h - 115 javelins (quivered)
Armour
 c - a +0 medium shield
 i - a +0 pair of boots of running (melded)
 l - a +2 buckler (worn)
 v - the +1 chain mail of Noon (melded) {rN+}
   (You found it on level 10 of the Dungeon)

   It protects you from negative energy.
 x - a +0 chain mail of magic resistance
 D - a +0 ring mail of poison resistance
 Q - the -1 cloak of the Sun (melded) {MR+ rCorr Str+4}
   (Okawaru gifted it to you on level 1 of the Lair of Beasts)

   It affects your strength (+4).
   It affects your resistance to hostile enchantments.
   It provides partial protection from all sources of acid and corrosion.
 S - the +2 pair of boots of the Assassin {Detection Stab+ Stlth++}
   (Okawaru gifted it to you on level 6 of the Lair of Beasts)

   It makes you much more stealthy.
Jewellery
 a - an uncursed ring of positive energy
 j - an uncursed ring of resist corrosion
 r - the ring "Luculuv" {Ice *Contam Str+5 Int+3}
   (You found it on level 6 of the Lair of Beasts)

   [ring of ice]

   It enhances your ice magic.
   It affects your strength (+5).
   It affects your intelligence (+3).
   It makes you vulnerable to fire.
   It protects you from cold.
   It causes magical contamination when unequipped.
 s - an uncursed amulet of guardian spirit
 y - a ring of protection from magic (left branch)
 H - a ring of protection from magic (right branch)
 I - an uncursed ring of fire
 R - a +4 ring of evasion
 T - an amulet of magic regeneration (around neck)
Wands
 b - a wand of polymorph (10)
 u - a wand of disintegration (6)
 B - a wand of flame (48)
 C - a wand of digging (18)
 G - a wand of paralysis (16)
 J - a wand of scattershot (3)
 K - a wand of clouds (2)
 L - a wand of iceblast (15)
Scrolls
 p - 4 scrolls of remove curse
 q - 5 scrolls of immolation
 w - 4 scrolls of fog
 E - a scroll of magic mapping
 N - a scroll of acquirement {unknown}
 P - a scroll of vulnerability
 X - 2 scrolls of brand weapon {unknown}
Potions
 f - a potion of mutation {unknown}
 k - 10 potions of curing
 m - 3 potions of heal wounds
 n - 4 potions of lignification
 o - 4 potions of magic {unknown}
 t - 3 potions of agility {unknown}
 z - a potion of ambrosia {unknown}
 A - 2 potions of degeneration {unknown}
 F - 3 potions of flight {unknown}
 M - 3 potions of brilliance {unknown}
 U - a potion of resistance {unknown}
 W - a potion of might
 Y - 3 potions of invisibility {unknown}
Comestibles
 e - 25 rations {!d}


   Skills:
 + Level 12.6 Fighting
 - Level 12.0 Axes
 - Level 10.0 Throwing
 + Level 12.6 Armour
 - Level 5.0 Dodging
 - Level 5.0 Stealth
 - Level 8.0 Shields
 - Level 5.0 Invocations
 + Level 9.9 Evocations


You had 14 spell levels left.
You didn't know any spells.
Your spell library contained the following spells:

 Spells                   Type           Power        Failure   Level  Hunger
 Beastly Appendage        Tmut           #.....       43%         1    None
 Corona                   Hex            #......      43%         1    None
 Passwall                 Tmut/Erth      #.......     58%         2    ####...
 Shackle                  Hex            #.......     58%         2    ####...
 Sticks to Snakes         Tmut           #.......     58%         2    ####...
 False Image              Hex/Summ       #.......     82%         3    #####..
 Inner Flame              Hex/Fire       N/A          82%         3    #####..
 Spider Form              Tmut/Pois      #..          82%         3    #####..
 Cause Fear               Hex            #.........   99%         4    ######.
 Ice Form                 Ice/Tmut       #.......     99%         4    ######.
 Yara's Violent Unravell  Hex/Tmut       #.........   99%         4    ######.
 Blade Hands              Tmut           #.........   100%        5    #######
 Freezing Cloud           Ice/Air        #.......     100%        5    #######
 Metabolic Englaciation   Hex/Ice        #.........   100%        5    #######
 Bolt of Cold             Conj/Ice       #.........   100%        6    #######
 Ozocubu's Refrigeration  Ice            #.........   100%        6    #######
 Simulacrum               Ice/Necr       #.......     100%        6    #######


Dungeon Overview and Level Annotations

Branches:
Dungeon (11/12)            Temple (1/1) D:4            Lair (6/6) D:7
  Snake (0/3) Lair:4       Spider (0/3) Lair:2        Slime (0/5) Lair:6
    Orc (0/1) D:11         Vaults (0/3) D:11

Altars:
Ashenzari
Cheibriados
Dithmenos
Elyvilon
Fedhas
Gozag
Hepliaklqana
Kikubaaqudgha
Lugonu
Makhleb
Nemelex Xobeh
Okawaru
Qazlal
Ru
Sif Muna
Trog
Uskayaw
Vehumet
Wu Jian
Xom
Yredelemnul
Zin
The Shining One
Jiyva

Annotations:
D:10 2 transporters, Exe's ghost, journeyman MiAc
Lair:1 exclusion: plant Gauntlet 10 transporters, exclusion: oklob plant


Innate Abilities, Weirdness & Mutations

You cannot be hasted, slowed, berserked, paralysed or teleported.
You can dig through walls and to a lower floor.
Your four strong arms can wield two-handed weapons with a shield.
((You have a pair of large antennae on your head. (SInv)))


Message History

The harpy simulacrum claws you but does no damage. x2
The harpy simulacrum barely misses you. x2
You block the harpy simulacrum's attack.
Really quaff the potion of lignification?
You turn into a tree.
The -1 cloak of the Sun {MR+ rCorr Str+4} melds into your body.
Your +0 pair of boots of running melds into your body.
The +1 chain mail of Noon {rN+} melds into your body.
You feel rather sluggish.
Your roots penetrate the ground.
You block the harpy simulacrum's attack. x2
The harpy simulacrum claws you but does no damage.
The harpy simulacrum claws you.
* * * LOW HITPOINT WARNING * * *
The harpy simulacrum freezes you!!
* * * LOW HITPOINT WARNING * * *
The harpy simulacrum claws you but does no damage.
The harpy simulacrum claws you.
* * * LOW HITPOINT WARNING * * *
The harpy simulacrum freezes you!!
You die...

###############################
#8.............8.............8.
#..............................
#..###########...###########...
#..#......#.$#...#........p#...
#..#.....#...#...#.#.....#5#...
#..##....#...#####..##.##..####
#..#.##.#....#Z..#..##.##..#...
#.©#...###.Z§#♣.©#..#.©.#.©#©.©
#..#...©#Z##)#.Z.#5.##.##.$#...
#..#...#.Z..######..##.##."####
#..#...#.....#...#.#.....#.#...
#..#..#......#...#.........#...
#..###########...###########...
#..............................
#∩......∩......⌠.............⌠.
#..............................


You could see a white imp, a cane toad simulacrum, 2 harpy simulacra, a wolf
spider simulacrum and a meliai simulacrum.

Vanquished Creatures
  Gastronok (D:10)
  Josephine (D:10)
  Harold (D:10)
  8 hydras
  A catoblepas (Lair:4)
  Fannar (D:11)
  2 two-headed ogres
  A merfolk avatar (Lair:6)
  3 sea snakes (Lair:6)
  A deep troll (Lair:5)
  A cyclops (D:11)
  A necromancer (Lair:6)
  A wolf spider zombie (D:11)
  A manticore (Lair:6)
  An orb spider (Lair:2)
  2 ugly things
  5 black mambas
  Joseph (D:7)
  21 elephants
  11 cane toads
  5 rime drakes
  10 komodo dragons
  4 polar bears
  3 trolls
  4 hornets
  Grinder (D:3)
  17 blink frogs
  5 hippogriffs
  Sigmund (D:5)
  A shadow (D:10)
  A black mamba skeleton (D:10)
  35 yaks
  A spriggan (D:10)
  5 wraiths (D:10)
  4 wyverns
  4 basilisks
  A hungry ghost (D:7)
  Eustachio (D:6)
  Edmund (D:5)
  2 two-headed ogre zombies (D:11)
  12 water moccasins
  17 crocodiles
  11 porcupines
  Duvessa (D:7)
  An orc warrior (D:10)
  A cane toad skeleton (D:10)
  5 black bears
  A necrophage (D:10)
  3 phantoms (D:11)
  5 ogres
  11 wolves
  2 kobold brigands
  8 bullfrogs
  A centaur (D:8)
  4 scorpions
  Dowan (D:7)
  An electric eel (Lair:1)
  7 howler monkeys
  5 orc priests
  6 crimson imps
  3 jellies
  8 hounds
  A gnoll shaman (Temple)
  Natasha (thrice) (D:3)
  3 iguanas
  3 worker ants
  A yak simulacrum (Lair:6)
  7 orc wizards
  2 polar bear simulacra (Lair:6)
  A killer bee zombie (D:7)
  4 wolf simulacra (Lair:6)
  5 ogre zombies (D:11)
  2 worker ant zombies
  Robin (D:2)
  18 adders
  4 gnolls
  An ooze (D:3)
  2 adder zombies
  2 adder skeletons
  A worm (D:2)
  3 dart slugs
  4 leopard geckos
  21 orcs
  4 bats
  4 giant cockroaches
  4 goblins
  5 hobgoblins
  6 kobolds
  2 quokkas
  2 ball pythons (Lair:4)
  4 frilled lizards
  A goblin skeleton (D:11)
  2 goblin zombies (D:11)
  A hobgoblin skeleton (D:11)
  2 hobgoblin zombies (D:11)
  A jackal skeleton (D:4)
  4 orc skeletons (D:11)
  14 orc zombies (D:11)
  A quokka zombie (D:5)
  5 rats
  4 river rat simulacra (Lair:6)
  10 fungi
  9 plants
459 creatures vanquished.

Vanquished Creatures (others)
  A human (D:6)
  A bush (Lair:3)
  43 fungi
  31 plants
76 creatures vanquished.

Grand Total: 535 creatures vanquished

Notes
Turn   | Place    | Note
-------+----------+-------------------------------------------
     0 | D:1      | zoran the Formicid Fighter began the quest for the Orb.
     0 | D:1      | Reached XP level 1. HP: 18/18 MP: 1/1
   158 | D:1      | Reached XP level 2. HP: 24/24 MP: 2/2
   385 | D:1      | Reached XP level 3. HP: 28/29 MP: 3/3
   933 | D:2      | Noticed Robin
   941 | D:2      | Killed Robin
  1196 | D:2      | Reached XP level 4. HP: 34/37 MP: 4/4
  1741 | D:3      | Noticed Natasha
  1745 | D:3      | Killed Natasha
  1808 | D:3      | Noticed Grinder
  1829 | D:3      | Killed Grinder
  1830 | D:3      | Reached skill level 1 in Throwing
  1830 | D:3      | Reached skill level 5 in Armour
  1830 | D:3      | Reached XP level 5. HP: 21/43 MP: 5/5
  1830 | D:3      | Reached XP level 6. HP: 23/49 MP: 6/6
  2046 | D:3      | Noticed Natasha
  2054 | D:3      | Killed Natasha
  2493 | D:3      | Noticed Natasha
  2500 | D:3      | Killed Natasha
  2535 | D:4      | Found an iron altar of Okawaru.
  2539 | D:4      | Reached skill level 5 in Shields
  2539 | D:4      | Reached XP level 7. HP: 55/55 MP: 7/7
  2580 | D:4      | Found a shimmering altar of Xom.
  2711 | D:4      | Became a worshipper of Warmaster Okawaru
  2851 | D:4      | Found a staircase to the Ecumenical Temple.
  2854 | D:4      | Reached skill level 5 in Fighting
  2942 | Temple   | Entered the Ecumenical Temple
  3282 | D:5      | Entered Level 5 of the Dungeon
  3550 | D:5      | Identified the +1 robe of the Crypt {rPois rF+}
  3550 | D:5      | Noticed Sigmund
  3560 | D:5      | Killed Sigmund
  3560 | D:5      | Reached * piety under Okawaru
  3561 | D:5      | Reached skill level 5 in Axes
  3561 | D:5      | Reached XP level 8. HP: 62/62 MP: 8/8
  3563 | D:5      | Reached skill level 5 in Throwing
  3958 | Temple   | Reached skill level 1 in Stealth
  3958 | Temple   | Reached skill level 1 in Invocations
  4549 | D:5      | Noticed Edmund
  4571 | D:5      | Killed Edmund
  4966 | D:6      | Found an ancient bone altar of Kikubaaqudgha.
  4969 | D:6      | Noticed a human
  4970 | D:6      | Killed a human
  4976 | D:6      | Reached XP level 9. HP: 69/69 MP: 10/10
  5165 | D:6      | Noticed Eustachio
  5170 | D:6      | Killed Eustachio
  5175 | D:6      | Reached ** piety under Okawaru
  5587 | D:7      | Noticed a hippogriff
  5600 | D:7      | Killed a hippogriff
  5621 | D:7      | Noticed a hippogriff
  5639 | D:7      | Killed a hippogriff
  5641 | D:7      | Reached XP level 10. HP: 50/79 MP: 8/13
  5665 | D:7      | Reached *** piety under Okawaru
  5841 | D:7      | Reached skill level 5 in Stealth
  5951 | D:7      | Reached skill level 5 in Invocations
  6043 | D:7      | Noticed Joseph
  6059 | D:6      | Reached **** piety under Okawaru
  6203 | D:7      | Killed Joseph
  6203 | D:7      | Received a gift from Okawaru
  6257 | D:7      | Found a staircase to the Lair.
  6412 | D:7      | Noticed Dowan
  6415 | D:7      | Noticed Duvessa
  6424 | D:7      | Killed Dowan
  6436 | D:7      | Killed Duvessa
  6927 | D:8      | Noticed a purple ugly thing
  6934 | D:8      | Killed a purple ugly thing
  6935 | D:8      | Reached skill level 1 in Evocations
  6971 | D:8      | Reached XP level 11. HP: 84/89 MP: 11/14
  7244 | D:8      | Noticed a two-headed ogre
  7255 | D:8      | Killed a two-headed ogre
  7256 | D:8      | Reached skill level 10 in Fighting
  7741 | D:7      | Reached ***** piety under Okawaru
  7773 | Lair:1   | Entered Level 1 of the Lair of Beasts
  8624 | Lair:1   | Received a gift from Okawaru
  8917 | Lair:1   | Received a gift from Okawaru
  8933 | Lair:1   | Got a slimy cloak {god gift}
  8946 | Lair:1   | Identified the -1 cloak of the Sun {MR+ rCorr Str+4}
                  | (Okawaru gifted it to you on level 1 of the Lair of Beasts)
  9185 | Lair:2   | Noticed a four-headed hydra
  9200 | Lair:1   | Killed a four-headed hydra
  9201 | Lair:1   | Reached XP level 12. HP: 77/97 MP: 12/15
  9212 | Lair:1   | Reached skill level 5 in Evocations
  9466 | Lair:2   | Noticed a seven-headed hydra
  9471 | Lair:2   | Killed a seven-headed hydra
  9472 | Lair:2   | Reached skill level 10 in Armour
  9606 | Lair:2   | Got a creamy pearl robe
 10161 | Lair:2   | Found a hole to the Spider Nest.
 10975 | Lair:3   | Reached skill level 10 in Axes
 11192 | Lair:4   | Reached XP level 13. HP: 94/103 MP: 13/16
 11227 | Lair:4   | Received a gift from Okawaru
 11228 | Lair:4   | Reached skill level 10 in Throwing
 11228 | Lair:4   | Got a transparent broad axe {god gift}
 11229 | Lair:4   | Identified the +10 broad axe "Xituyqun" {freeze, rPois MR-
                  | Int+3 SInv} (Okawaru gifted it to you on level 4 of the
                  | Lair of Beasts)
 11234 | Lair:4   | Noticed a catoblepas
 11247 | Lair:4   | Killed a catoblepas
 11266 | Lair:4   | Reached skill level 1 in Dodging
 11286 | Lair:4   | Found a staircase to the Snake Pit.
 11386 | Lair:4   | Reached ****** piety under Okawaru
 11698 | Lair:4   | Noticed a seven-headed hydra
 11704 | Lair:4   | Killed a seven-headed hydra
 12216 | Lair:5   | Noticed a six-headed hydra
 12222 | Lair:5   | Killed a six-headed hydra
 12322 | Lair:5   | Received a gift from Okawaru
 12325 | Lair:5   | Got a crude buckler {god gift}
 12328 | Lair:5   | Identified the -2 buckler of Plog {rC+} (Okawaru gifted it
                  | to you on level 5 of the Lair of Beasts)
 12505 | Lair:5   | Noticed a four-headed hydra
 12514 | Lair:5   | Killed a four-headed hydra
 12573 | Lair:5   | Noticed Nessos
 12654 | Lair:5   | Noticed Nessos
 12654 | Lair:5   | Nessos changed into Nessos the deep troll
 12658 | Lair:5   | Killed Nessos the deep troll
 13048 | Lair:6   | Entered Level 6 of the Lair of Beasts
 13221 | Lair:6   | Noticed a six-headed hydra
 13222 | Lair:6   | Noticed a six-headed hydra
 13329 | Lair:6   | Noticed a five-headed hydra
 13343 | Lair:5   | Reached XP level 14. HP: 83/113 MP: 13/19
 13854 | Lair:5   | Received a gift from Okawaru
 14026 | Lair:6   | Reached skill level 5 in Dodging
 14182 | Lair:6   | Received a gift from Okawaru
 14183 | Lair:6   | Found the +2 pair of boots of the Assassin {Detection Stab+
                  | Stlth++}
 14716 | Lair:6   | Found a viscous altar of Jiyva.
 14718 | Lair:6   | Found a staircase to the Slime Pits.
 15000 | Lair:6   | Got a steaming copper ring
 15003 | Lair:6   | Identified the ring "Luculuv" {Ice *Contam Str+5 Int+3}
                  | (You found it on level 6 of the Lair of Beasts)
 15443 | D:9      | Found a stormy altar of Qazlal.
 15577 | D:9      | Found a burning altar of Makhleb.
 16013 | D:10     | Entered Level 10 of the Dungeon
 16013 | D:10     | Noticed Sonja
 16014 | D:10     | Noticed Sonja
 16014 | D:10     | Sonja changed into Sonja the crocodile
 16016 | D:10     | Killed Sonja the crocodile
 16078 | D:10     | Got an encrusted chain mail
 16090 | D:10     | Identified the +1 chain mail of Noon {rN+} (You found it on
                  | level 10 of the Dungeon)
 16097 | D:10     | Noticed Harold
 16114 | D:10     | Killed Harold
 16354 | D:10     | Noticed Gastronok
 16361 | D:10     | Killed Gastronok
 16362 | D:10     | Reached XP level 15. HP: 91/121 MP: 21/21
 16555 | D:10     | Found a transporter.
 16568 | D:10     | Noticed Exe's ghost (journeyman MiAc)
 16627 | D:10     | Found a transporter.
 16909 | D:10     | Noticed Josephine
 16920 | D:10     | Killed Josephine
 17015 | D:10     | Got a twisted short sword
 17126 | D:11     | Noticed Fannar
 17131 | D:11     | Killed Fannar
 17131 | D:11     | Received a gift from Okawaru
 17149 | D:11     | Identified a +0 pair of boots of running (Okawaru gifted it
                  | to you on level 11 of the Dungeon)
 17232 | D:11     | Found a gate to the Vaults.
 17277 | D:11     | Found a gate leading to a gauntlet.
 17328 | D:11     | Found a staircase to the Orcish Mines.
 17403 | Gauntlet | Entered a Gauntlet
 17403 | Gauntlet | Found a transporter.
 17403 | Gauntlet | Found a transporter.
 17456 | Gauntlet | Found a transporter.
 17458 | Gauntlet | Found a transporter.
 17470 | Gauntlet | Found a transporter.
 17472 | Gauntlet | Found a transporter.
 17482 | Gauntlet | Found a transporter.
 17503 | Gauntlet | Found a transporter.
 17522 | Gauntlet | Found a transporter.
 17524 | Gauntlet | Found a transporter.
 17536 | Gauntlet | Found a transporter.
 17538 | Gauntlet | Found a transporter.
 17583 | Gauntlet | Found the macabre finger necklace {rN+}
 17628 | Gauntlet | HP: 5/183 [harpy simulacrum (20)]
 17628 | Gauntlet | HP: 2/183 [harpy simulacrum (3)]
 17628 | Gauntlet | Demolished by a harpy simulacrum

Skill      XL: |  1  2  3  4  5  6  7  8  9 10 11 12 13 14 15 |
---------------+----------------------------------------------+-----
Shields        | 4 5 6 8 |  8.0
Armour         | 4 5 6 7 9 10 11 12 | 12.6
Fighting       | 4 5 7 9 10 11 12 | 12.6
Axes           | 3 5 6 7 10 11 12 | 12.0
Throwing       | 1 2 4 5 6 9 10 | 10.0
Stealth        | 2 4 5 |  5.0
Invocations    | 1 4 5 |  5.0
Evocations     | 1 4 5 7 9 |  9.9
Dodging        | 4 5 |  5.0

Action                   |  1- 3 |  4- 6 |  7- 9 | 10-12 | 13-15 || total
-------------------------+-------+-------+-------+-------+-------++-------
Melee: War axe           |    82 |    63 |   179 |   295 |     2 ||   621
       Hand axe          |       |       |    22 |    88 |       ||   110
       Broad axe         |       |       |       |       |   417 ||   417
Throw: Tomahawk          |     4 |     7 |    61 |    87 |    69 ||   228
       Javelin           |       |     4 |       |    58 |    53 ||   115
Invok: Heroism           |       |       |     6 |    21 |    24 ||    51
       Finesse           |       |       |       |     1 |     1 ||     2
 Abil: Dig               |       |       |       |     3 |     8 ||    11
Evoke: Wand              |       |       |     3 |    13 |    12 ||    28
  Use: Scroll            |       |     2 |     4 |     5 |     5 ||    16
       Potion            |       |       |     1 |     2 |     1 ||     4
 Stab: Confused          |       |       |     1 |     2 |       ||     3
       Paralysed         |       |       |       |     6 |       ||     6
       Sleeping          |       |       |       |       |     1 ||     1
  Eat: Chunk             |     4 |     7 |    18 |    31 |    29 ||    89
       Ration            |       |       |       |     1 |     2 ||     3
Armor: Scale mail        |    33 |    16 |    17 |       |       ||    66
       Chain mail        |       |       |    76 |   121 |   122 ||   319
       Skin              |       |       |       |       |     2 ||     2
Dodge: Dodged            |    24 |    18 |    64 |   150 |   203 ||   459
Block: Medium shield     |    38 |    30 |    23 |       |       ||    91
       Buckler           |       |       |    73 |   163 |   181 ||   417
